 Dungeon Crawl Stone Soup version 0.23.2-30-g0e89c35649 (webtiles) character file.

Game seed: 13306489708591019533

111 doot the Stinger (level 4, -1/30 HPs)
             Began as a Demonspawn Venom Mage on June 19, 2019.
             Splashed by an oklob plant's acid (14 damage)
             ... created by the enmity of Fedhas Madash
             ... on level 2 of the Dungeon.
             The game lasted 00:05:12 (1904 turns).

doot the Stinger (Demonspawn Venom Mage)            Turns: 1904, Time: 00:05:12

Health: -1/30      AC:  1    Str:  8    XL:     4   Next: 62%
Magic:  8/8        EV: 14    Int: 18    God:
Gold:   141        SH:  0    Dex: 13    Spells: 6/9 levels left

rFire    . . .     SeeInvis .   (no weapon)
rCold    . . .     Gourm    .   (no shield)
rNeg     . . .     Faith    .   a - +0 robe
rPois    .         Spirit   .   (no helmet)
rElec    .         Reflect  .   j - +0 cloak
rCorr    .         Harm     .   (no gloves)
MR       .....                  l - +0 pair of boots
Stlth    ++........             (no amulet)
HPRegen  0.10/turn              k - +2 ring of evasion
MPRegen  0.11/turn              (no ring)

@: corroded
A: claws 1, rugged brown scales 1
a: no special abilities


You were on level 2 of the Dungeon.
You were hungry.

You visited 1 branch of the dungeon, and saw 2 of its levels.

You collected 141 gold pieces.

Inventory:

Hand Weapons
 e - a +0 halberd
 f - a cursed -1 dagger
 h - a +1 mace of distortion
Armour
 a - a +0 robe (worn)
 j - a +0 cloak (worn)
 l - a +0 pair of boots (worn)
Jewellery
 k - a +2 ring of evasion (left claw)
Scrolls
 b - a scroll of magic mapping {unknown}
 d - a scroll of blinking {unknown}
 n - 5 scrolls of identify {unknown}
 o - a scroll of remove curse {unknown}
 p - a scroll of teleportation {unknown}
 q - a scroll of random uselessness {unknown}
Potions
 g - a potion of haste
 i - a potion of resistance {unknown}
 m - a potion of flight {unknown}
 r - a potion of heal wounds {unknown}
Comestibles
 c - 10 rations


   Skills:
 + Level 0.1 Fighting
 + Level 2.0 Dodging
 + Level 2.0 Stealth
 + Level 3.1 Spellcasting
 + Level 1.4 Conjurations
 + Level 0.7 Air Magic
 + Level 4.0 Poison Magic


You had 6 spell levels left.
You knew the following spells:

 Your Spells              Type           Power        Failure   Level  Hunger
a - Sting                 Conj/Pois      ##..         5%          1    None
b - Poisonous Vapours     Pois/Air       ##....       9%          2    ##.....

Your spell library contained the following spells:

 Spells                   Type           Power        Failure   Level  Hunger
 Mephitic Cloud           Conj/Pois/Air  ##......     21%         3    ###....
 Olgreb's Toxic Radiance  Pois           ###.....     30%         4    ####...
 Venom Bolt               Conj/Pois      ##........   82%         5    ######.


Dungeon Overview and Level Annotations

Branches:
Dungeon (2/15)

Altars:
Elyvilon
Fedhas

Annotations:
D:2 exclusion: 3 oklob plants


Innate Abilities, Weirdness & Mutations

You have sharp fingernails.
You are partially covered in rugged brown scales. (AC +1, +3% HP)


Message History

Found a ring mail.
Things that are here:
a pair of boots; a +0 short sword; a kobold skeleton
l - a pair of boots Wear which item? (? for menu, Esc to quit)
You start putting on your armour.
You continue putting on your pair of boots. x4
You finish putting on your +0 pair of boots.
c - 10 rations (gained 1) Plants grow around you in an ominous manner.
Marking area around the oklob plant as unsafe for travelling.
Marking area around the oklob plant as unsafe for travelling.
Marking area around the oklob plant as unsafe for travelling. 3 oklob plants come into view.
Unknown command.
The oklob plant spits acid at you. The splash of acid hits you!
Ouch! That really hurt!
The acid corrodes you!
You are splashed with acid!
You die...

#.......[..............#.....
#.....##.............#.......
#.....#................#.⌠.⌠.
#.....#......................
#.....#.........÷......#.....
#####.....ff......)..........
###..P............#.##.##
##..............#....#
#P..P@.#......##.####
#.####.......###.#
#.####.##...## #.#
#.#....##....###.##
#...######...)....#
###..########...#..####
##........# #.#.#......
####.........####.#........
#..............##.#.#......


You could see 3 oklob plants and 2 wandering mushrooms.

Vanquished Creatures
  Terence (D:2)
  Natasha (D:1)
  A gnoll (D:1)
  An adder (D:2)
  2 dart slugs
  A leopard gecko (D:1)
  2 ball pythons (D:1)
  6 goblins
  5 hobgoblins
  2 jackals (D:1)
  5 kobolds
  4 bats
  2 frilled lizards
  4 rats
37 creatures vanquished.

Notes
Turn   | Place    | Note
-------+----------+-------------------------------------------
     0 | D:1      | doot the Demonspawn Venom Mage began the quest for the Orb.
     0 | D:1      | Reached XP level 1. HP: 13/13 MP: 3/3
   393 | D:1      | Gained mutation: You are partially covered in rugged brown
                  | scales. (AC +1, +3% HP) [demonic ancestry]
   393 | D:1      | Reached XP level 2. HP: 13/19 MP: 1/5
   397 | D:1      | Learned a level 2 spell: Poisonous Vapours
   860 | D:1      | Gained mutation: You have sharp fingernails. [demonic
                  | ancestry]
   860 | D:1      | Reached XP level 3. HP: 24/24 MP: 0/6
  1114 | D:2      | Noticed Natasha
  1127 | D:1      | Killed Natasha
  1404 | D:2      | Reached skill level 4 in Poison Magic
  1453 | D:2      | Reached XP level 4. HP: 30/30 MP: 2/8
  1681 | D:2      | Noticed Terence
  1714 | D:2      | Found a faded altar of an unknown god.
  1714 | D:2      | Killed Terence
  1724 | D:2      | Became a worshipper of Fedhas Madash
  1724 | D:2      | Reached * piety under Fedhas
  1725 | D:2      | Fell from the grace of Fedhas
  1841 | D:2      | Found a white marble altar of Elyvilon.
  1903 | D:2      | Noticed an oklob plant
  1903 | D:2      | Noticed an oklob plant
  1903 | D:2      | Noticed a wandering mushroom
  1903 | D:2      | Noticed an oklob plant
  1903 | D:2      | Noticed a wandering mushroom
  1904 | D:2      | Splashed by an oklob plant's acid

Skill      XL: |  1  2  3  4 |
---------------+-------------+-----
Stealth        | 2 |  2.0
Poison Magic   | 4 |  4.0
Dodging        | 2 |  2.0
Spellcasting   | 3 |  3.1
Fighting       | |  0.1
Conjurations   | |  1.4
Air Magic      | |  0.7

Action                   |  1- 3 |  4- 6 || total
-------------------------+-------+-------++-------
 Cast: Sting             |    21 |     1 ||    22
       Poisonous Vapours |    21 |    12 ||    33
Invok: Renounce Religion |       |     1 ||     1
  Eat: Chunk             |     3 |     2 ||     5
Armor: Robe              |    17 |       ||    17
Dodge: Dodged            |    39 |    18 ||    57
